 Dungeon Crawl Stone Soup version 0.26-a0-1205-g4083c211ab (webtiles) character file.

Game seed: 4068238783411723680

28 CurlyBrace the Sneak (level 3, 12/17 HPs)
             Began as a Felid Delver on Dec 29, 2020.
             Quit the game on level 5 of the Dungeon.
             The game lasted 00:00:30 (26 turns).

CurlyBrace the Sneak (Felid Delver)                   Turns: 26, Time: 00:00:30

Health: 12/17      AC:  1    Str:  8    XL:     3   Next: 0%
Magic:  4/4        EV: 18    Int: 12    God:
Gold:   0          SH:  0    Dex: 17    Spells: 2/2 levels left
                                        Lives:  0   Deaths: 0

rFire    . . .     SeeInvis +     - Unarmed
rCold    . . .     Faith    .   (shield unavailable)
rNeg     . . .     Spirit   .   (armour unavailable)
rPois    .         Reflect  .   (helmet unavailable)
rElec    .         Harm     .   (cloak unavailable)
rCorr    .         Rampage  .   (gloves unavailable)
Will     .....                  (boots unavailable)
Stlth    ++++......             (no amulet)
HPRegen  0.05/turn              (no ring)
MPRegen  0.09/turn              (no ring)

@: quick
A: very small, no armour, no weapons or thrown items, stealth, claws 1, fangs 3,
see invisible, speed 1, shaggy fur 1, sharp paws
a: no special abilities


You were on level 5 of the Dungeon.
You visited 1 branch of the dungeon, and saw 3 of its levels.

Inventory:

Wands
 v - a wand of digging (3)
Scrolls
 a - a scroll of fog
Potions
 h - a potion of haste


   Skills:
 * Level 3.0 Fighting
 + Level 3.0 Dodging
 - Level 7.0 Stealth
 * Level 3.0 Unarmed Combat


You had 2 spell levels left.
You didn't know any spells.
Your spell library was empty.

Dungeon Overview and Level Annotations

Branches:
Dungeon (6/15)             Temple (0/1) D:5

Altars:


Innate Abilities, Weirdness & Mutations

You cannot wear armour.
You are incapable of wielding weapons or throwing items.
Your paws allow you to move quietly. (Stealth)
You have sharp claws.
You have razor-sharp teeth.
You have supernaturally acute eyesight. (SInv)
You cover ground quickly.
You are covered in fur. (AC +1)
Your sharp claws are effective at attacking unaware monsters.


Message History

You feel aware of your surroundings. 2 worker ants come into view.
An orc comes into view.
An iguana comes into view.
Found a staircase to the Ecumenical Temple.
An ice beast comes into view.
Found a helmet.
A leopard gecko and an orc come into view.
The orc shouts!
You hear a shout! x3
Found a stone staircase leading down. 2 orcs and an orc priest come into view.
The orc shouts!
The iguana hisses angrily.
The orc priest miscasts a cantrip.
The worker ant closely misses you.
The orc moves out of view.
The orc shouts!
Found a stone staircase leading up.
An orc wizard comes into view. It is wielding a +0 dagger.
The orc closely misses you.
Unknown command.
Are you sure you want to abandon this character and quit the game? (Confirm with "yes".)

#......................,,,,,,,*,,
#.#.....#<..............,*****,,,
......#.#...............,,,,,,,,,
......................<.,,,,,,,,,
...#.....#..............,****,,,,
...#..####......>.......,****,,,,
.....## ##......BB......,,,**,,,,
,,...* *#........o......,*,*,,***
*,,,***#...#.l..@#.....*,*,*,**
,,,,,,..........#.....#*,*,*,*
****,.............Pl..#*,*,*,****
* *,,.......Y.....P>..#,,*,,,,,,*
* *,,,.....[..o..P....#,***,,**,,
***,,,,.......o>...P..#,**,,*****
,,,,,,,,.....o.o...####,**,**
,,,,,,,,,.......,.## *,,,,,*
,,,,,,,,,,,,,,,,,,* *,,,***


You could see an ice beast, an iguana, 2 worker ants, an orc wizard, 4 orcs and
a leopard gecko.

Vanquished Creatures
  An orc priest (D:4)
1 creature vanquished.

Notes
Turn   | Place    | Note
-------+----------+-------------------------------------------
     0 | D:5      | CurlyBrace the Felid Delver began the quest for the Orb.
     0 | D:5      | Reached XP level 1. HP: 10/10 MP: 2/2
    10 | D:4      | Noticed an orc wizard
    10 | D:4      | Noticed an orc priest
    10 | D:4      | Noticed an orc priest
    11 | D:4      | Killed an orc priest
    12 | D:4      | Reached skill level 7 in Stealth
    12 | D:4      | Reached XP level 2. HP: 14/14 MP: 3/3
    12 | D:4      | Reached XP level 3. HP: 17/17 MP: 4/4
    21 | D:5      | Found a staircase to the Ecumenical Temple.
    22 | D:5      | Noticed an ice beast
    26 | D:5      | Quit the game

Illustrated notes

Levels and vault maps discovered:
D:4:      layout_layer_cave
D:5:      layout_rooms, minmay_temple_entry_overgrown
D:6:      layout_cave_pods, basic_altar, serial_shops, shop

Skill      XL: |  1 |
---------------+----+-----
Dodging        | 3 |  3.0
Stealth        | 7 |  7.0
Unarmed Combat | 3 |  3.0
Fighting       | |  3.0

Action                   || total
-------------------------++-------
Melee: Unarmed           ||     4
       Bite              ||     1
  Use: Scroll            ||     2
 Stab: Sleeping          ||     1
Dodge: Dodged            ||     3

Table legend: (Time is in decaauts)
 A = Elapsed time spent in this place.
 B = Non-inter-level travel time spent in this place.
 C = Inter-level travel time spent in this place.
 D = Time resting spent in this place.
 E = Time spent auto-exploring this place.
 F = Levels seen in this place.
 G = Mean time per level.
                   A        B        C        D        E       F      G
               +--------+--------+--------+--------+--------+-----+--------+
         Total |     23 |     23 |      0 |      0 |      0 |   3 |    7.7 |
       Dungeon |     23 |     23 |      0 |      0 |      0 |   3 |    7.7 |
               +--------+--------+--------+--------+--------+-----+--------+

Top non-repeatable levels by time:
     D:5: 19 daAuts
     D:4: 2 daAuts
     D:6: 1 daAuts
